 Dungeon Crawl Stone Soup version 0.28-a0-32-g8dfe7f97f6 (webtiles) character file.

Game seed: 17126982116649997853

0 zezblit the Skirmisher (level 1, -2/18 HPs)
             Began as a Demonspawn Abyssal Knight on July 27, 2021.
             Was an Initiate of Lugonu.
             Frozen to death by an endoplasm (4 damage)
             ... on level 1 of the Dungeon.
             The game lasted 00:00:39 (38 turns).

zezblit the Skirmisher (Demonspawn Abyssal Knight)    Turns: 38, Time: 00:00:39

Health: -2/18      AC:  3    Str: 12    XL:     1   Next: 0%
Magic:  2/2        EV: 11    Int: 13    God:    Lugonu [......]
Gold:   0          SH:  0    Dex: 12    Spells: 0/0 levels left

rFire   . . .      SeeInvis .   a - +1 mace
rCold   . . .      Faith    .   (no shield)
rNeg    . . .      Spirit   .   b - +0 leather armour
rPois   .          Reflect  .   (no helmet)
rElec   .          Harm     .   (no cloak)
rCorr   .          Rampage  .   (no gloves)
Will    .....                   (no boots)
Stlth   +.........              (no amulet)
HPRegen 0.06/turn               (no ring)
MPRegen 0.08/turn               (no ring)

@: no status effects
A: no striking features
a: Renounce Religion


You were on level 1 of the Dungeon.
You worshipped Lugonu.
Lugonu was noncommittal.
You visited 1 branch of the dungeon, and saw 1 of its levels.
You visited the Abyss 1 time.

Inventory:

Hand Weapons
 a - a +1 mace (weapon)
Armour
 b - a +0 leather armour (worn)


   Skills:
 + Level 3.0 Fighting
 + Level 1.7 Maces & Flails
 + Level 1.7 Armour
 + Level 0.8 Dodging
 + Level 2.4 Invocations


You couldn't memorise any spells.
You didn't know any spells.
Your spell library was empty.

Dungeon Overview and Level Annotations

Branches:
Dungeon (1/15)

Altars:


Message History

You offer a prayer to Lugonu.
Non-targeted abil: Depart the Abyss
Press: ? - help, Q - select action Dir - look around, f - activate You pass through the gate.
You can no longer depart the Abyss at will.
There is a staircase leading out of the dungeon here.
Magic restored.
You open the door.
There is an open door here.
You open the door.
Found a spear.
There is an open door here.
A hobgoblin comes into view.
A quokka and an endoplasm come into view.
The quokka bites you but does no damage.
The quokka closely misses you. x2
You hit the hobgoblin.
The hobgoblin is severely wounded.
The endoplasm quivers.
The hobgoblin hits you but does no damage.
The quokka bites you. The hobgoblin closely misses you.
There are monsters nearby!
You completely miss the hobgoblin.
The hobgoblin is severely wounded.
The quokka closely misses you. The hobgoblin closely misses you.
The quokka bites you but does no damage.
You completely miss the hobgoblin.
The hobgoblin is severely wounded.
The endoplasm freezes you.
You are frozen.
The quokka bites you. The hobgoblin hits you.
You hit the hobgoblin.
You kill the hobgoblin!
Lugonu accepts your kill. The quokka bites you.
* * * LOW HITPOINT WARNING * * *
The endoplasm barely misses you. The quokka bites you.
* * * LOW HITPOINT WARNING * * *
The endoplasm freezes you.
You are frozen.
You die...

#.....#
#.....#
#.8.8.#
###'###
#.# #.#
###
#.###....
##.r......
#.@J......
#..###.#.#
#.)# #
.... ##..#
#... ####


You could see an endoplasm and a quokka.

Vanquished Creatures
  A hobgoblin (D:1)
1 creature vanquished.

Notes
Turn   | Place    | Note
-------+----------+-------------------------------------------
     0 | Abyss:1  | zezblit the Demonspawn Abyssal Knight began the quest for
                  | the Orb.
     0 | Abyss:1  | Reached XP level 1. HP: 18/18 MP: 2/2
     3 | D:1      | Escaped the Abyss
    38 | D:1      | Frozen to death by an endoplasm

Illustrated notes

Levels and vault maps discovered:
D:1:      elethiomel_arrival_quiet, layout_loops_ring,
          hellmonk_ecumenical_altar_lost_god, minmay_tall_x

Action                   || total
-------------------------++-------
Melee: Mace              ||     4
Invok: Depart the Abyss  ||     1
Armor: Leather armour    ||     3
Dodge: Dodged            ||     6

Table legend: (Time is in decaauts)
 A = Elapsed time spent in this place.
 B = Non-inter-level travel time spent in this place.
 C = Inter-level travel time spent in this place.
 D = Time resting spent in this place.
 E = Time spent auto-exploring this place.
 F = Levels seen in this place.
 G = Mean time per level.
                   A        B        C        D        E       F      G
               +--------+--------+--------+--------+--------+-----+--------+
         Total |     38 |     38 |      0 |      0 |     26 |   2 |   19.0 |
       Dungeon |     35 |     35 |      0 |      0 |     26 |   1 |   35.0 |
         Abyss |      3 |      3 |      0 |      0 |      0 |   1 |    3.0 |
               +--------+--------+--------+--------+--------+-----+--------+

Top non-repeatable levels by time:
     D:1: 35 daAuts
 Abyss:1: 3 daAuts
